AoeStats
← Red Calypso

African Clearing

505125059Analyzed
4v4 RM · 25d ago on Sep 7, 2026· 48m 47s· 8 players
Game mode
Random Map
Map size
Large (8 player)
Population
200
Speed
Normal
Resources
Standard
Victory
Conquest
Starting age
Dark Age
Ending age
Imperial Age
RankedLock teamsTeams togetherTeam positionsShared explorationLock speedFull tech treeHidden civsTurbo modeCheats
Victory
Defeat
🇦🇷 Britons · Argentina
1486
+14
🇨🇷 Gurjaras · Costa Rica
1482
+14
🇲🇽 Wu · Mexico
1466
+15
🇨🇴 Lithuanians · Colombia
1399
+19
🇩🇪 Spanish · Germany
1501
-18
🇩🇪 Bulgarians · Germany
1449
-16
🇩🇪 Byzantines · Germany
1437
-15
🇦🇹 Vietnamese · Austria
1380
-13
Red Calypso
4:00 Loom
13:57 Feudal Age
15:19 Man-at-Arms
17:34 Double-Bit Axe
25:31 Castle Age
24:41 Fletching
24:51 Padded Archer Armor
25:15 Scale Mail Armor
25:26 Forging
25:09 Gold Mining
25:09 Stone Mining
27:16 Bow Saw
27:04 Bodkin Arrow
28:25 Leather Archer Armor
29:00 Horse Collar
29:38 Long Swordsman
30:19 Squires
31:16 Chain Mail Armor
38:09 Imperial Age
36:55 Ballistics
37:00 Thumb Ring
39:18 Wheelbarrow
38:57 Bracer
40:12 Chemistry
40:10 Murder Holes
44:47 Siege Engineers
vR-MrReD
3:02 Loom
13:13 Feudal Age
15:07 Double-Bit Axe
17:30 Castle Age
18:11 Wheelbarrow
17:38 Padded Archer Armor
18:12 Stone Mining
19:45 Gold Mining
21:02 Stone Shaft Mining
21:05 Bow Saw
28:58 Horse Collar
31:14 Leather Archer Armor
36:16 Imperial Age
35:48 Scale Barding Armor
35:53 Forging
36:02 Heavy Plow
36:37 Bloodlines
36:43 Cavalier
37:24 Husbandry
41:13 Hand Cart
40:52 Town Watch
42:01 Chain Barding Armor
42:16 Iron Casting
42:51 Plate Barding Armor
42:48 Light Cavalry
44:22 Ring Archer Armor
44:39 Conscription
44:12 Paladin
45:55 Stone Shaft Mining
46:34 Blast Furnace
48:19 Town Patrol
4k1m
3:59 Loom
14:44 Feudal Age
19:44 Castle Age
23:54 Fletching
33:07 Bodkin Arrow
43:04 Double-Bit Axe
45:08 Gold Mining
45:08 Stone Mining
50:32 Imperial Age
LukasPlanet
3:42 Loom
12:46 Feudal Age
14:44 Double-Bit Axe
16:15 Fletching
26:45 Castle Age
26:57 Elite Skirmisher
45:42 Wheelbarrow
48:35 Hand Cart
Wolobo
5:16 Loom
5:21 Loom
5:24 Loom
15:28 Feudal Age
15:52 Fishing Lines
15:58 Double-Bit Axe
16:56 Wheelbarrow
21:11 Castle Age
19:39 Scale Mail Armor
20:40 Forging
21:07 Arson
21:23 Gold Mining
22:11 Chain Mail Armor
21:57 Squires
26:19 Gillnets
30:25 Iron Casting
40:07 Gold Shaft Mining
41:05 Hand Cart
44:39 Imperial Age
45:19 Bow Saw
44:50 Horse Collar
45:02 Stone Mining
46:11 Plate Mail Armor
46:05 Conscription
46:50 Stone Shaft Mining
47:23 Blast Furnace
46:46 Padded Archer Armor
49:09 Two-Man Saw
48:11 Heavy Plow
48:01 Town Watch
48:44 Fletching
Daniel Lothbrok
3:49 Loom
12:49 Feudal Age
14:04 Double-Bit Axe
14:24 Town Watch
15:45 Fletching
19:39 Wheelbarrow
20:15 Horse Collar
30:38 Castle Age
31:28 Heavy Plow
31:41 Bow Saw
31:48 Hand Cart
31:34 Town Patrol
32:31 Stone Mining
35:11 Gold Mining
37:42 Gold Shaft Mining
38:07 Stone Shaft Mining
40:45 Bloodlines
40:35 Husbandry
43:19 Imperial Age
40:38 Treadmill Crane
43:29 Forging
43:24 Scale Barding Armor
43:16 Bodkin Arrow
43:44 Kshatriyas
43:35 Elite Shrivamsha Rider
44:56 Iron Casting
44:54 Conscription
45:37 Chain Barding Armor
46:48 Heavy Camel Rider
juand400
6:57 Loom
13:11 Feudal Age
17:11 Castle Age
16:10 Double-Bit Axe
16:28 Horse Collar
21:21 Scale Barding Armor
24:45 Gold Mining
27:48 Wheelbarrow
31:01 Forging
31:57 Husbandry
32:08 Bloodlines
34:47 Hand Cart
36:13 Chain Barding Armor
36:07 Heavy Plow
38:03 Iron Casting
39:16 Bow Saw
39:31 Stone Mining
43:54 Imperial Age
44:07 Elite Leitis
45:09 Conscription
45:55 Two-Man Saw
45:28 Crop Rotation
46:09 Plate Barding Armor
DiegoRasta
5:06 Loom
13:02 Feudal Age
17:57 Castle Age
20:28 Double-Bit Axe
20:26 Horse Collar
20:39 Fletching
20:40 Gold Mining
22:17 Bow Saw
22:33 Bodkin Arrow
23:00 Padded Archer Armor
39:32 Ballistics
46:28 Leather Archer Armor
Connection lost

Rejoining the realm…

Still unreachable

The connection could not be restored.

Session expired

The server has moved on; the page needs a fresh start.